 Dungeon Crawl Stone Soup version 0.30-a0-808-g6e0788376e (webtiles) character file.

Game seed: 13041801751059428162

215403 bande the Severer (level 19, -15/108 HPs)
             Began as a Gargoyle Fighter on Feb 26, 2023.
             Was the Champion of Okawaru.
             Demolished by an alligator (26 damage)
             ... called by a spriggan druid
             ... on level 2 of the Swamp.
             The game lasted 01:08:57 (34015 turns).

bande the Severer (Gargoyle Fighter)               Turns: 34015, Time: 01:08:58

Health: -15/108    AC: 37    Str: 25    XL:     19   Next: 2%
Magic:  27/27      EV:  8    Int: 11    God:    Okawaru [******]
Gold:   5089       SH: 27    Dex: 20    Spells: 18/18 levels left

rFire   . . .      SeeInvis .    C - +10 broad axe "Lorem Ipsum" {drain, rN+ rCorr Int-3}
rCold   + + +      Faith    .    N - +2 tower shield "Geudoes" {Fly rC+ Regen+}
rNeg    + + .      Spirit   .    T - +5 scale mail of the Foremost Mouths {rF+ Str+5}
rPois   ∞          Reflect  +    k - +2 hat
rElec   +          Harm     .    D - +2 cloak {Will+}
rCorr   +          Rampage  .    X - +0 pair of gloves
Will    +++..                    Y - +0 pair of boots of Card Tricks {rPois rF- rC++ Slay+4} Stlth
                                 V - amulet of reflection
HPRegen 1.18/turn                r - +4 ring of slaying
MPRegen 0.20/turn                x - ring "Agoysir" {Will+ Dex+6}

@: flying
A: sickness immunity, AC +14, big wings, negative energy resistance 1,
electricity resistance, torment resistance 1, petrification resistance, clever
1, cold resistance 1, frail 1, low MP 1
}: 1/15 runes: serpentine
a: Renounce Religion, Heroism, Finesse, Duel


You were on level 2 of the Swamp.
You worshipped Okawaru.
Okawaru was exalted by your worship.
You visited 6 branches of the dungeon, and saw 29 of its levels.
You also visited: Ossuary, Bailey, Gauntlet and Ice Cave.

You collected 5615 gold pieces.
You spent 526 gold pieces at shops.

Inventory:

Hand Weapons
 a - a +5 broad axe of protection
 z - a +2 broad axe of flaming
 C - the +10 broad axe "Lorem Ipsum" (weapon) {drain, rN+ rCorr Int-3}
   (You acquired it on level 5 of the Dungeon)

   Int:       It affects your intelligence (-3).
   rN:        It protects you from negative energy.
   rCorr:     It protects you from acid and corrosion.
Missiles
 H - a throwing net (quivered)
Armour
 k - a +2 hat (worn)
 o - the +2 shield of Resistance {rF++ rC++ Will++}
   (You acquired it on level 2 of the Snake Pit)

   rF:        It greatly protects you from fire.
   rC:        It greatly protects you from cold.
   Will:      It greatly increases your willpower.
 p - a scarf of repulsion
 D - a +2 cloak of willpower (worn)
 N - the +2 tower shield "Geudoes" (worn) {Fly rC+ Regen+}
   (Okawaru gifted it to you on level 1 of the Snake Pit)

   rC:        It protects you from cold.
   Fly:       It grants you flight.
   Regen:     It increases your rate of health regeneration.
 T - the +5 scale mail of the Foremost Mouths (worn) {rF+ Str+5}
   (You found it on level 1 of the Lair of Beasts)

   Str:       It affects your strength (+5).
   rF:        It protects you from fire.
 W - a +0 chain mail of cold resistance
 X - a +0 pair of gloves (worn)
 Y - the +0 pair of boots of Card Tricks (worn) {rPois rF- rC++ Slay+4}
   (Okawaru gifted it to you on level 3 of the Lair of Beasts)

   Slay:      It affects your accuracy & damage with ranged weapons and melee
   (+4).
   rF:        It makes you vulnerable to fire.
   rC:        It greatly protects you from cold.
   rPois:     It protects you from poison.
Jewellery
 b - a ring of willpower
 g - the ring "Ohaghiq" {Fire Will++ Int+4}
   (You took it off a naga on level 1 of the Snake Pit)

   [ring of fire]

   It enhances your fire magic.
   Int:       It affects your intelligence (+4).
   rF:        It protects you from fire.
   rC:        It makes you vulnerable to cold.
   Will:      It greatly increases your willpower.
 r - a +4 ring of slaying (left hand)
 s - a +4 ring of protection
 v - a +5 ring of evasion
 x - the ring "Agoysir" (right hand) {Will+ Dex+6}
   (You found it on level 10 of the Dungeon)

   [ring of dexterity]

   Dex:       It affects your dexterity (+6).
   Will:      It increases your willpower.
 I - a ring of positive energy
 J - a ring of see invisible
 L - a ring of resist corrosion
 Q - the ring of Xujenof {rPois EV+5}
   (You found it on level 12 of the Dungeon)

   [ring of evasion]

   EV:        It affects your evasion (+5).
   rPois:     It protects you from poison.
 V - an amulet of reflection (around neck)
 Z - a ring of positive energy
Wands
 E - a wand of flame (63)
 O - a wand of mindburst (26)
 P - a wand of iceblast (40)
 R - a wand of digging (10)
Scrolls
 f - 6 scrolls of fear
 h - 3 scrolls of blinking
 j - 16 scrolls of teleportation
 y - 6 scrolls of fog
 A - a scroll of magic mapping
 B - 7 scrolls of silence
 F - 11 scrolls of enchant armour
 G - 4 scrolls of poison
 K - 10 scrolls of enchant weapon
 M - 10 scrolls of identify
Potions
 d - 9 potions of might
 e - 7 potions of haste
 i - 6 potions of brilliance
 l - 24 potions of curing
 m - 8 potions of invisibility
 n - 6 potions of resistance
 q - 8 potions of mutation
 t - 3 potions of ambrosia
 u - 3 potions of berserk rage
 w - 5 potions of cancellation
 S - 2 potions of heal wounds
Miscellaneous
 U - a condenser vane


   Skills:
 + Level 14.0 Fighting
 + Level 18.2 Axes
 + Level 11.5 Armour
 + Level 14.8 Shields
 * Level 15.1 Invocations
 * Level 12.7 Evocations


You had 18 spell levels left.
You didn't know any spells.
Your spell library contained the following spells:

 Spells                   Type           Power      Damage    Failure   Level
 Beastly Appendage        Tmut           0%         N/A       95%         1
 Wereblood                Tmut           0%         N/A       98%         2
 Dazzling Flash           Conj/Hex       0%         N/A       100%        3
 Kindle Blastsparks       Fire/Tloc/Air  0%         2d10      100%        3
 Spider Form              Tmut/Pois      0%         N/A       100%        3
 Stone Arrow              Conj/Erth      0%         3d7       100%        3
 Anguish                  Hex/Necr       0%         N/A       100%        4
 Fulminant Prism          Conj/Hex       0%         3d5       100%        4
 Iskenderun's Mystic Bla  Conj/Tloc      0%         2d3       100%        4
 Passage of Golubria      Tloc           0%         N/A       100%        4
 Freezing Cloud           Conj/Ice/Air   0%         6-21      100%        5
 Lee's Rapid Deconstruct  Erth           0%         3d4*      100%        5
 Yara's Violent Unravell  Hex/Tmut       0%         3d3       100%        5
 Starburst                Conj/Fire      0%         6d3       100%        6
 Enfeeble                 Hex            0%         N/A       100%        7
 Lehudib's Crystal Spear  Conj/Erth      0%         10d2      100%        8
 Polar Vortex             Ice            0%         N/A       100%        9
 Tukima's Dance           Hex            Unusable   N/A       N/A         3
 Animate Armour           Summ/Erth      Unusable   N/A       N/A         4
 Simulacrum               Ice/Necr       Unusable   N/A       N/A         6

Dungeon Overview and Level Annotations

Branches:
Dungeon (15/15)            Temple (1/1) D:6            Lair (5/5) D:9
  Swamp (2/4) Lair:3        Snake (4/4) Lair:2        Slime (0/5) Lair:5
    Orc (2/2) D:10            Elf (0/3) Orc:2        Vaults (0/5) D:14
 Depths (0/4) D:15        Ossuary (visited)          Bailey (visited)
  IceCv (visited)         Gauntlet (visited)

Altars:
Ashenzari
Cheibriados
Dithmenos
Fedhas
Gozag
Hepliaklqana
Kikubaaqudgha
Makhleb
Nemelex Xobeh
Okawaru
Qazlal
Ru
Sif Muna
Trog
Uskayaw
Vehumet
Wu Jian
Xom
Zin
The Shining One
Jiyva

Shops:
D:4 [=   D:6 =   D:8 [   D:9 *   Orc:2 ?[(=   Snake:2 =:=   Snake:4 **

Annotations:
Lair:1 2 transporters
Lair:2 exclusion: oklob plant
Lair:5 1 runed translucent door
Snake:4 3 runed translucent doors, exclusion: obsidian statue, girl's ghost, adept SpHu


Innate Abilities, Weirdness & Mutations

You are immune to sickness and miasma.
Your stone body is resilient. (AC +14)
You are immune to poison.
Your large and strong wings let you fly.
You resist negative energy. (rN+)
You are resistant to electric shocks. (rElec)
You are resistant to unholy torment.
You are immune to petrification.
Your mind is acute. (Int +4, Str/Dex -1)
Your flesh is cold resistant. (rC+)
You are frail. (-10% HP)
Your magical capacity is low. (-10% MP)


Message History

You open the alligator like a pillowcase!!!
The alligator is heavily wounded.
You slash the tyrant leech!
You chop one of the five-headed hydra's heads off!
The four-headed hydra grows two more!
You slash the six-headed hydra! You drain the six-headed hydra.
You barely miss the bunyip. The alligator closely misses you.
You block the alligator's attack.
You block the six-headed hydra's attack. x4
The six-headed hydra barely misses you. The six-headed hydra bites you!
The goliath frog hits you but does no damage.
Unknown command.
You slice the alligator!!
The alligator is almost dead.
You barely miss the six-headed hydra. You barely miss the bunyip.
You closely miss the tyrant leech.
A goliath frog comes into view.
You block the alligator's attack. x2; You block the tyrant leech's attack.
The six-headed hydra bites you but does no damage. x2
You block the six-headed hydra's attack.
The six-headed hydra barely misses you.
The six-headed hydra bites you but does no damage. x2
The goliath frog hits you from afar!
You are splashed with acid.
You resist. The alligator closely misses you. The alligator tail-slaps you.
* * * LOW HITPOINT WARNING * * *
Unknown command.
The alligator attacks as you move away! You block the alligator's attack. x2
You block the tyrant leech's attack.
The six-headed hydra attacks as you move away!
The six-headed hydra bites you but does no damage.
You block the six-headed hydra's attack.
The six-headed hydra barely misses you.
You block the six-headed hydra's attack.
The six-headed hydra misses you. The six-headed hydra bites you.
* * * LOW HITPOINT WARNING * * *
The alligator bites you!
* * * LOW HITPOINT WARNING * * *
You block the alligator's attack.
The tyrant leech bites you but does no damage.
The alligator attacks as you move away! The alligator bites you!!
You die...

♣~....~~~♣♣♣
♣~.♣..♣♣♣♣
♣~♣♣...♣♣♣♣♣♣
♣~♣♣~....♣~.♣♣
#~♣♣.~....~§~♣
#~♣♣...~~..~.♣
#~♣♣...~~~.♣♣♣
♣♣~♣~~FxD....♣♣
♣.♣♣♣♣.~~F.).t@~~.~♣
#.D..†§~.~.~♣w~~~<♣♣
♣.♣♣♣♣~..~.~♣.~§~...♣
♣♣~.~~~..~~.♣..♣
#..~~~.~~....♣♣
♣~~.~..~~...♣♣
♣~~~..~~~~.♣♣
♣~.~..~~~~~♣
♣~....~~~~♣


You could see a bunyip (strong, drained), an alligator (strong, swift), a
six-headed hydra (strong, drained), a tyrant leech (strong, drained) and 2
goliath frogs.

Vanquished Creatures
  Saint Roka (Orc:1)
  Jorgrun (D:14)
  Kirke (Lair:3)
  The ghost of Zonum the Fencer, an adept DjGl of Gozag (Snake:2)
  8 nagarajas
  A fire giant (D:12)
  Louise (Snake:1)
  An orc warlord (Orc:1)
  The ghost of valliere the Impaler, a journeyman MfSu of Gozag (Snake:1)
  The ghost of ragingrage the Marksvine stalker, an adept VSDe of Hepliaklqana (Snake:2)
  A spark wasp (shapeshifter) (D:13)
  Azrael (Orc:2)
  2 bunyips (Swamp:2)
  A dire elephant (Lair:5)
  A minotaur (Gauntlet)
  2 fire dragons
  5 hydras
  Fannar (D:11)
  3 ogre magi
  A salamander tyrant (Snake:4)
  The ghost of groundbeetle the Destroyer, a journeyman DsHu of Vehumet (D:10)
  2 catoblepae (Lair:5)
  Erica (D:10)
  9 anacondas
  An ice dragon (D:15)
  4 alligators
  2 centaur warriors (D:14)
  17 two-headed ogres
  23 naga warriors
  5 boulder beetles
  2 death scarabs (Gauntlet)
  3 death yaks (Lair:5)
  A tengu warrior (Gauntlet)
  6 orc high priests
  A deep elf knight (D:15)
  Nergalle (Orc:1)
  15 shock serpents
  2 skysharks
  14 naga sharpshooters
  3 skeletal warriors (D:14)
  7 salamander mystics
  6 sea snakes (Snake:4)
  A swamp dragon (Lair:5)
  6 naga ritualists
  A spriggan druid (Swamp:2)
  A bog body (IceCv)
  A wizard (D:14)
  10 slime creatures
  A necromancer (IceCv)
  2 lindwurms (Lair:5)
  A deep elf zephyrmancer (D:15)
  2 orc sorcerers
  13 mana vipers
  27 ugly things
  7 orc knights
  4 deep elf pyromancers
  2 manticores (Lair:5)
  12 salamanders
  Maurice (D:11)
  4 cyclopes
  2 will-o-the-wisps
  40 black mambas
  4 guardian serpents
  2 ice statues (IceCv)
  21 naga magi
  16 elephants
  9 cane toads
  A rime drake (Lair:5)
  An efreet (D:15)
  14 komodo dragons
  3 freezing wraiths
  2 anaconda simulacra (IceCv)
  4 tengu conjurers
  4 trolls
  2 polar bears
  6 meliai
  5 ice devils (IceCv)
  Prince Ribbit (D:5)
  3 tyrant leeches
  8 hornets
  19 blink frogs
  Grinder (D:6)
  6 dream sheep
  A centaur simulacrum (D:14)
  A spectral black mamba (Gauntlet)
  6 spriggans (Swamp:2)
  A shadow (D:9)
  A vampire (D:12)
  A wraith (D:12)
  7 wyverns
  3 fire elementals (Orc:2)
  3 humans
  6 basilisks
  37 yaks
  4 dire elephant simulacra (IceCv)
  A death yak simulacrum (IceCv)
  4 hogs (Lair:3)
  A human (shapeshifter) (D:15)
  3 steam dragons
  19 vampire mosquitoes
  A spectral cane toad (Gauntlet)
  2 swamp worms
  10 wargs
  3 harpy simulacra (IceCv)
  63 nagas
  A hydra simulacrum (IceCv)
  10 water moccasins
  4 acid dragons
  55 orc warriors
  5 hell hounds (Orc:2)
  2 swamp drakes (Lair:5)
  2 sky beasts
  6 ogres
  3 boggarts (D:14)
  21 wolves
  13 centaurs
  A phantom (D:7)
  3 kobold brigands
  A two-headed ogre simulacrum (IceCv)
  9 bullfrogs
  A scorpion (D:4)
  2 water moccasin zombies (Ossuary)
  3 gnoll sergeants
  A cane toad simulacrum (IceCv)
  3 wights (D:9)
  4 killer bees (D:10)
  6 jellies
  39 orc priests
  2 hounds
  3 gnoll boudas
  7 iguanas
  2 troll simulacra (IceCv)
  25 orc wizards
  2 mummies (Ossuary)
  21 gnolls
  14 adders
  A shadow imp (D:7)
  A white imp (D:7)
  4 adder zombies (Ossuary)
  4 worms
  8 dart slugs (D:5)
  95 orcs
  7 ball pythons
  4 bats
  8 endoplasms
  4 giant cockroaches
  10 goblins
  7 hobgoblins
  6 jackals
  3 quokkas
  A frilled lizard (D:3)
  A gnoll zombie (Ossuary)
  3 hobgoblin zombies (Ossuary)
  20 kobolds
  13 kobold zombies (Ossuary)
  6 orc zombies (Ossuary)
  11 rats
1097 creatures vanquished.

Vanquished Creatures (others)
  A naga mage (Snake:4)
  12 foxfires
  6 fungi
  22 plants
  26 withered plants
67 creatures vanquished.

Grand Total: 1164 creatures vanquished

Notes
Turn   | Place    | Note
-------+----------+-------------------------------------------
     0 | D:1      | bande the Gargoyle Fighter began the quest for the Orb.
     0 | D:1      | Reached XP level 1. HP: 14/14 MP: 1/1
   154 | D:1      | Reached XP level 2. HP: 19/19 MP: 2/2
   258 | D:1      | Reached skill level 2 in Axes
   635 | D:2      | Reached XP level 3. HP: 23/23 MP: 3/3
  1137 | D:2      | Found a faded altar of an unknown god.
  1665 | D:3      | Reached XP level 4. HP: 23/28 MP: 4/4
  1938 | D:3      | Reached skill level 3 in Axes
  1942 | D:3      | Reached XP level 5. HP: 11/33 MP: 5/5
  2417 | D:4      | Noticed an ogre
  2430 | D:4      | Killed an ogre
  2431 | D:4      | Reached skill level 4 in Axes
  2431 | D:4      | Reached XP level 6. HP: 27/38 MP: 6/6
  2530 | D:4      | Found Regixops's Jewellery Emporium.
  3009 | D:4      | Found Aryryts's Armour Shop.
  3144 | D:5      | Entered Level 5 of the Dungeon
  3154 | D:5      | Noticed Prince Ribbit
  3170 | D:5      | Killed Prince Ribbit
  3171 | D:5      | Reached skill level 5 in Axes
  3171 | D:5      | Reached XP level 7. HP: 16/44 MP: 7/7
  3290 | D:5      | Found a sand-covered staircase.
  3317 | Ossuary  | Entered an ossuary
  3423 | Ossuary  | Reached skill level 6 in Axes
  3606 | D:5      | Reached XP level 8. HP: 37/48 MP: 8/8
  3691 | D:5      | Identified 3 scrolls of acquirement
  3691 | D:5      | Acquired the +10 broad axe "Lorem Ipsum" {drain, rN+ rCorr
                  | Int-3}
  3696 | D:5      | Acquired a +2 broad axe of flaming
  3759 | D:5      | Reached skill level 5 in Armour
  3864 | D:5      | Reached skill level 5 in Fighting
  3978 | D:5      | Acquired 991 gold pieces
  3980 | D:5      | Acquired 976 gold pieces
  4505 | D:6      | Reached skill level 7 in Axes
  4570 | D:6      | Found a staircase to the Ecumenical Temple.
  4578 | D:6      | Noticed Grinder
  4586 | Temple   | Entered the Ecumenical Temple
  4870 | Temple   | Became a worshipper of Warmaster Okawaru
  4910 | D:6      | Killed Grinder
  4911 | D:6      | Reached skill level 1 in Invocations
  4966 | D:6      | Reached skill level 1 in Evocations
  5036 | D:6      | Found Tiezemp's Jewellery Shop.
  5040 | D:6      | Reached XP level 9. HP: 54/54 MP: 10/10
  5064 | D:6      | Reached skill level 8 in Axes
  5516 | D:7      | Reached skill level 9 in Axes
  5516 | D:7      | Reached skill level 5 in Evocations
  5516 | D:7      | Reached XP level 10. HP: 63/63 MP: 10/14
  5601 | D:7      | Identified the +3 hand axe of Superiority {freeze, *Noise
                  | rF+ Str+5}
  5652 | D:7      | Found a flagged portal.
  5664 | Bailey   | Entered a bailey
  5978 | Bailey   | Reached * piety under Okawaru
  6154 | D:7      | Found a radiant altar of Vehumet.
  6364 | D:7      | Reached ** piety under Okawaru
  6835 | D:8      | Found a sacrificial altar of Ru.
  6890 | D:8      | Found Nianasi's Antique Armour Shop.
  6898 | D:8      | Bought a kite shield for 139 gold pieces
  7119 | D:8      | Noticed a two-headed ogre
  7125 | D:8      | Killed a two-headed ogre
  7251 | D:9      | Found Obist's General Store.
  7256 | D:9      | Reached *** piety under Okawaru
  7379 | D:9      | Reached XP level 11. HP: 67/67 MP: 16/16
  7571 | D:9      | Found an opulent altar of Gozag.
  7571 | D:9      | Found a sparkling altar of Nemelex Xobeh.
  7757 | D:9      | Found a staircase to the Lair.
  7803 | D:9      | Reached skill level 10 in Axes
  7809 | D:9      | HP: 2/68 [something (20)]
  8130 | D:9      | Reached **** piety under Okawaru
  8464 | Lair:1   | Entered Level 1 of the Lair of Beasts
  8509 | Lair:1   | Gained mutation: Your mind is acute. (Int +4, Str/Dex -1)
                  | [potion of mutation]
  8509 | Lair:1   | Gained mutation: Your flesh is cold resistant. (rC+)
                  | [potion of mutation]
  8509 | Lair:1   | Lost mutation: Your mind is acute. (Int +4, Str/Dex -1)
                  | [potion of mutation]
  8509 | Lair:1   | Gained mutation: Your mind is acute. (Int +4, Str/Dex -1)
                  | [potion of mutation]
  8543 | Lair:1   | Found a transporter.
  9038 | Lair:1   | Identified the +5 scale mail of the Foremost Mouths {rF+
                  | Str+5}
  9188 | Lair:1   | Found a transporter.
  9450 | Lair:2   | Reached ***** piety under Okawaru
  9486 | Lair:2   | Reached skill level 11 in Axes
  9489 | Lair:2   | Reached XP level 12. HP: 73/74 MP: 18/18
  9561 | Lair:2   | Found the +2 Maxwell's thermic engine {flame, freeze}
  9669 | Lair:2   | Identified the +3 battleaxe of Gehenna {flame, rF+ rC+
                  | MP-9} (Okawaru gifted it to you on level 2 of the Lair of
                  | Beasts)
  9669 | Lair:2   | Received a gift from Okawaru
  9737 | Lair:2   | Noticed a skyshark
  9752 | Lair:2   | Killed a skyshark
  9951 | Lair:2   | Found a staircase to the Snake Pit.
 10699 | Lair:3   | Found a staircase to the Swamp.
 10998 | Lair:3   | Reached ****** piety under Okawaru
 11153 | Lair:3   | Found a frozen archway.
 11164 | IceCv    | Entered an ice cave
 11339 | IceCv    | Reached skill level 12 in Axes
 12165 | IceCv    | Received a gift from Okawaru
 12347 | IceCv    | Reached XP level 13. HP: 72/80 MP: 20/20
 12979 | Lair:4   | Noticed Kirke
 13003 | Lair:3   | Killed Kirke
 13003 | Lair:3   | Identified the +0 pair of boots of Card Tricks {rPois rF-
                  | rC++ Slay+4} (Okawaru gifted it to you on level 3 of the
                  | Lair of Beasts)
 13003 | Lair:3   | Received a gift from Okawaru
 13944 | Lair:5   | Entered Level 5 of the Lair of Beasts
 14076 | Lair:5   | Reached skill level 13 in Axes
 14176 | Lair:5   | Reached skill level 10 in Invocations
 14502 | Lair:5   | Received a gift from Okawaru
 14596 | Lair:5   | Gained mutation: Your large and strong wings let you fly.
                  | [Gargoyle growth]
 14596 | Lair:5   | Reached XP level 14. HP: 87/87 MP: 21/21
 14616 | Lair:5   | Found a runed translucent door.
 14628 | Lair:5   | Reached skill level 10 in Fighting
 14928 | Lair:5   | Found a viscous altar of Jiyva.
 14928 | Lair:5   | Noticed an acid blob
 15158 | Lair:5   | Reached skill level 14 in Axes
 15162 | Lair:5   | HP: 1/88 [cane toad (11)]
 15611 | Lair:5   | Identified the +4 scale mail of Duck's Teeth {rC+ rN+}
                  | (Okawaru gifted it to you on level 5 of the Lair of Beasts)
 15611 | Lair:5   | Received a gift from Okawaru
 15634 | Lair:5   | Noticed a dire elephant
 15651 | Lair:5   | Killed a dire elephant
 15813 | Lair:5   | Found a staircase to the Slime Pits.
 16043 | D:10     | Entered Level 10 of the Dungeon
 16069 | D:10     | Identified the ring "Agoysir" {Will+ Dex+6}
 16166 | D:10     | Found a staircase to the Orcish Mines.
 16529 | D:10     | Noticed Erica
 16535 | D:10     | Killed Erica
 16603 | D:10     | Found a runed translucent gate.
 16603 | D:10     | Found a runed translucent gate.
 16603 | D:10     | Found a runed translucent gate.
 16604 | D:10     | Noticed groundbeetle's ghost (journeyman DsHu)
 16608 | D:10     | Identified the +10 plate armour "Gapur" {Stlth+}
 16894 | D:10     | Killed groundbeetle's ghost
 17583 | D:11     | Noticed Maurice
 17594 | D:11     | Killed Maurice
 17595 | D:11     | Reached skill level 10 in Armour
 17595 | D:11     | Reached skill level 10 in Shields
 17603 | D:11     | Noticed Fannar
 17611 | D:11     | Killed Fannar
 17725 | D:11     | Identified the +0 pair of boots of Entitlement {Str+4}
                  | (Okawaru gifted it to you on level 11 of the Dungeon)
 17725 | D:11     | Received a gift from Okawaru
 18074 | D:12     | Reached XP level 15. HP: 73/93 MP: 23/23
 18270 | D:12     | Identified the ring of Xujenof {rPois EV+5}
 18380 | D:12     | Found a gate leading to a gauntlet.
 18410 | Gauntlet | Entered a Gauntlet
 18410 | Gauntlet | Found a transporter.
 18410 | Gauntlet | Found a transporter.
 18414 | Gauntlet | Found a transporter.
 18414 | Gauntlet | Found a transporter.
 18425 | Gauntlet | Found a transporter.
 18478 | Gauntlet | Found a transporter.
 18514 | Gauntlet | Found a transporter.
 18589 | Gauntlet | Found a transporter.
 18592 | Gauntlet | Found a transporter.
 18600 | Gauntlet | Found a transporter.
 18754 | Gauntlet | Found a transporter.
 19081 | D:12     | Noticed a fire giant
 19110 | D:12     | Killed a fire giant
 19114 | D:12     | Reached skill level 15 in Axes
 19360 | D:13     | Reached skill level 10 in Evocations
 19382 | D:13     | Identified the +6 sling "Xotid" {elec, Drain rC+ MP+9
                  | Str+2}
 19562 | D:13     | You are sucked into a shaft and drop 2 floors!
 19562 | D:15     | Entered Level 15 of the Dungeon
 20024 | D:14     | Identified the +4 hand axe "Huusum" {speed, Dex+6} (Okawaru
                  | gifted it to you on level 14 of the Dungeon)
 20024 | D:14     | Received a gift from Okawaru
 20452 | D:14     | Found a gate to the Vaults.
 20724 | D:14     | Found a broken altar of Ashenzari.
 22063 | D:14     | Noticed Jorgrun
 22075 | D:14     | Killed Jorgrun
 22076 | D:14     | Reached XP level 16. HP: 50/101 MP: 25/25
 22539 | D:15     | Identified the +1 cloak of Foxt {Rampage rN+ Dex-3}
                  | (Okawaru gifted it to you on level 15 of the Dungeon)
 22539 | D:15     | Received a gift from Okawaru
 22642 | D:15     | Reached skill level 16 in Axes
 22902 | D:15     | Found a staircase to the Depths.
 24172 | Orc:1    | Entered Level 1 of the Orcish Mines
 24293 | Orc:1    | Noticed Nergalle
 24298 | Orc:1    | Killed Nergalle
 24619 | Orc:2    | Entered Level 2 of the Orcish Mines
 24637 | Orc:2    | Noticed Saint Roka
 25413 | Orc:1    | Killed Saint Roka
 26151 | Orc:2    | Noticed Azrael
 26169 | Orc:2    | Killed Azrael
 26526 | Orc:2    | Found a staircase to the Elven Halls.
 27979 | Orc:2    | Gained mutation: You are frail. (-10% HP) [a neqoxec]
 27982 | Orc:2    | Gained mutation: Your magical capacity is low. (-10% MP) [a
                  | neqoxec]
 28289 | Orc:2    | Found Dosuz's Magic Scroll Shoppe.
 28292 | Orc:2    | Found Luseum's Antique Weapon Shoppe.
 28293 | Orc:2    | Found Muboi's Jewellery Shoppe.
 28294 | Orc:2    | Found Odoal's Armour Emporium.
 28300 | Orc:2    | Bought a +2 cloak of willpower for 387 gold pieces
 28568 | Snake:1  | Entered Level 1 of the Snake Pit
 28670 | Snake:1  | Found a broken altar of Ashenzari.
 28680 | Snake:1  | Identified the +2 tower shield "Geudoes" {Fly rC+ Regen+}
                  | (Okawaru gifted it to you on level 1 of the Snake Pit)
 28680 | Snake:1  | Received a gift from Okawaru
 28791 | Snake:1  | Reached XP level 17. HP: 97/97 MP: 24/24
 28984 | Snake:1  | Reached skill level 17 in Axes
 29084 | Snake:1  | Noticed Louise
 29104 | Snake:1  | Killed Louise
 29208 | Snake:1  | Noticed valliere's ghost (journeyman MfSu)
 29215 | Snake:1  | Found a runed translucent gate.
 29215 | Snake:1  | Found a runed translucent gate.
 29215 | Snake:1  | Found a runed translucent gate.
 29220 | Snake:1  | Identified the ring "Ohaghiq" {Fire Will++ Int+4}
 29357 | Snake:1  | Identified the +2 scale mail "Vouckiyros" {rF+ Dex-5
                  | Slay+5}
 29560 | Snake:1  | Killed valliere's ghost
 29783 | Snake:2  | Received a gift from Okawaru
 29972 | Snake:2  | Found a runed translucent gate.
 29972 | Snake:2  | Found a runed translucent gate.
 29972 | Snake:2  | Found a runed translucent gate.
 29972 | Snake:2  | Noticed ragingrage's ghost (adept VSDe)
 29972 | Snake:2  | Noticed Zonum's ghost (adept DjGl)
 30044 | Snake:2  | Identified the +6 quarterstaff "Ucreuruw" {flame, rElec
                  | Str+4 Dex+4}
 30070 | Snake:2  | Acquired the +2 shield of Resistance {rF++ rC++ Will++}
 30070 | Snake:2  | Found the +2 shield of Resistance {rF++ rC++ Will++}
 30143 | Snake:2  | Identified the +4 hand axe "Worm's Wrath" {flame, rF+++
                  | SInv}
 30491 | Snake:2  | Found Nokuif's Jewellery Shop.
 30491 | Snake:2  | Found Xych's Book Emporium.
 30492 | Snake:2  | Found Wopiv's Jewellery Shop.
 30565 | Snake:2  | Killed Zonum's ghost
 30604 | Snake:2  | Killed ragingrage's ghost
 31028 | Snake:3  | Reached XP level 18. HP: 65/102 MP: 25/25
 31042 | Snake:3  | Identified the +3 executioner's axe "Wuesu" {speed, Fragile
                  | rPois Str+8} (Okawaru gifted it to you on level 3 of the
                  | Snake Pit)
 31042 | Snake:3  | Received a gift from Okawaru
 31614 | Snake:4  | Entered Level 4 of the Snake Pit
 31905 | Snake:4  | Found a runed translucent gate.
 31905 | Snake:4  | Found a runed translucent gate.
 31905 | Snake:4  | Found a runed translucent gate.
 31905 | Snake:4  | Found an opulent altar of Gozag.
 31907 | Snake:4  | Noticed girl's ghost (adept SpHu)
 31907 | Snake:4  | Found Nacea's Assorted Antiques.
 31911 | Snake:4  | Found Maixyru's Assorted Antiques.
 32608 | Snake:4  | Received a gift from Okawaru
 32793 | Snake:4  | Reached skill level 18 in Axes
 33109 | Snake:4  | Received a gift from Okawaru
 33199 | Snake:4  | Got a serpentine rune of Zot
 33550 | Swamp:1  | Entered Level 1 of the Swamp
 33602 | Swamp:1  | You are sucked into a shaft and drop 1 floor!
 33690 | Swamp:2  | Reached skill level 15 in Invocations
 33736 | Swamp:2  | Identified the +6 broad axe of Disembowelment {heavy,
                  | Str+5} (Okawaru gifted it to you on level 2 of the Swamp)
 33736 | Swamp:2  | Received a gift from Okawaru
 33991 | Swamp:2  | Reached XP level 19. HP: 75/108 MP: 27/27
 34015 | Swamp:2  | Demolished by an alligator

Illustrated notes

Levels and vault maps discovered:
D:1:      wander_arrival_fairy_ring, layout_basic
D:2:      layout_loops_ring, dreamdust_ecumenical_altar_angels_and_demons
D:3:      layout_loops_corners, saegor_snake_ambush
D:4:      layout_rooms, serial_shops, nicolae_shop_behind_doors,
          nicolae_lakefront_shop, chequers_serial_rivers_micro_b
D:5:      kennysheep_slugbush, layout_rooms, serial_co_window_serial,
          co_window_paths_a, co_window_of_opportunity_a, co_window_paths_a,
          co_window_corner_a, co_window_of_opportunity_a,
          co_window_of_opportunity_a, co_window_paths_c,
          co_window_of_opportunity_c, co_window_2corner, co_window_paths_c,
          co_window_corner_ca, co_window_broadway_b, co_window_paths_e,
          glass_columns_c, lightli_ossuary_entry_decrepit_ruins,
          uniq_prince_ribbit1
D:6:      layout_loops_cross, minmay_temple_entry_tees, serial_shops,
          nicolae_shop_stone, uniq_grinder
D:7:      layout_loops_ring, fiery_altar_vehumet, enter_bailey_3
D:8:      layout_loops_ring, nicolae_ru_great_annihilating_truth, serial_glass,
          glass_columns_a, glass_columns_b, serial_shops, kennysheep_little_box
D:9:      layout_long_grid, grunt_temple_overflow_opulence, lair_entry_dummy,
          serial_shops, nicolae_stop_n_shop_1, dreamdust_gnoll_shepherd
D:10:     layout_long_grid, orc_0_dummy, biasface_ghost_orc_armoury,
          chequers_decorated_corner, uniq_erica
D:11:     layout_loops_ring, nooodl_orcs_dogs, uniq_maurice, uniq_fannar
D:12:     hellmonk_ruined_rings, layout_basic, gauntlet_entry_generic,
          hangedman_decor_clover_reticule, kennysheep_island_fort
D:13:     layout_roguey
D:14:     layout_rooms, david_vaults_2, cheibrodos_ashenzari_chains,
          serial_co_window_serial, co_window_corner_a, co_window_paths_b,
          co_window_of_opportunity_a, co_window_paths_a, co_window_paths_a,
          co_window_paths_b, co_window_paths_a, co_window_paths_c,
          co_window_2corner, co_window_broadway_a, co_window_4corner_a,
          co_window_4corner_b, glass_columns_c, glass_columns_a,
          glass_columns_a, glass_columns_a, glass_columns_a, uniq_jorgrun
D:15:     grunt_enter_depths_hoard, layout_irregular_city,
          hangedman_decor_opposing
Temple:   mainiacjoe_temple_coin_purse
Lair:1:   gammafunk_cloud_chamber, layout_chaotic_city, st_stairs_9
Lair:2:   minmay_lair_oklob_chamber, layout_cave_pods,
          minmay_snake_entry_guardpost_small
Lair:3:   layout_regular_city, minmay_swamp_entry_swarm,
          portal_ice_cave_entry_pillars_1
Lair:4:   layout_small_grid, chequers_serial_rivers_small_3, st_stairs_13,
          serial_bayou_pond_e, cheibrodos_lair_reptile_den, grunt_megastairs_3,
          uniq_kirke
Lair:5:   guppyfry_lair_end_dragon, layout_small_grid, hangedman_lair_in_review,
          slime_entry_2
Swamp:1:  layout_basic_swamp, serial_swamp_ruin, evilmike_swamp_ruin_house_5,
          evilmike_swamp_ruin_house_2, evilmike_swamp_ruin_rubble_2,
          uniq_frances
Swamp:2:  nzn_winding_woodlands_medium [nzn_winding_woodlands_5x5_perimeter,
          nzn_winding_woodlands_5x15_sawtooth, nzn_winding_woodlands_5x5_cross,
          nzn_winding_woodlands_hourglass,
          nzn_winding_woodlands_center_triple_pond,
          nzn_winding_woodlands_5x5_checkerboard,
          nzn_winding_woodlands_5x5_closed_star,
          nzn_winding_woodlands_5x15_zeroes, nzn_winding_woodlands_5x5_default],
          layout_basic_swamp, nicolae_swamp_feature_on_the_river_bank,
          swamp_pool3, infiniplex_staircase_pool_2
Snake:1:  nicolae_snake_hallway, layout_honeycomb, gammafunk_ghost_split,
          basic_altar, uniq_louise
Snake:2:  hangedman_cross_veins, layout_misc_corridors,
          gammafunk_ghost_cemetery, minmay_shop_grove
Snake:3:  layout_grid_shapes
Snake:4:  grunt_snake_rune_pools, layout_chambers, ebering_ghost_gozag,
          grunt_megastairs_1
Orc:1:    orc_temple, layout_caves, basic_altar, bh_open_orc_temple,
          uniq_nergalle, uniq_gastronok, uniq_erolcha
Orc:2:    st_orc_pillars, layout_diamond_mine, uniq_saint_roka, uniq_azrael

Skill      XL: |  1  2  3  4  5  6  7  8  9 10 11 12 13 14 15 16 17 18 |
---------------+-------------------------------------------------------+-----
Axes           | 2 3 4 5 6 7 9 11 12 13 14 15 16 17 18 | 18.2
Shields        | 4 6 7 8 9 10 11 13 14 | 14.8
Armour         | 4 5 7 8 9 10 11 | 11.5
Fighting       | 4 5 7 8 9 10 11 12 13 14 | 14.0
Invocations    | 1 6 7 8 9 10 11 12 13 14 15 | 15.1
Evocations     | 1 5 6 7 8 9 10 11 12 | 12.7

Action                     |  1- 3 |  4- 6 |  7- 9 | 10-12 | 13-15 | 16-18 | 19-21 || total
---------------------------+-------+-------+-------+-------+-------+-------+-------++-------
  Melee: War axe           |   106 |    73 |   103 |       |       |       |       ||   282
         Broad axe         |       |       |    67 |   378 |   696 |  1103 |    12 ||  2256
 Invoke: Heroism           |       |       |       |     1 |       |       |       ||     1
    Use: Scroll            |     9 |     3 |    11 |     4 |     4 |     8 |       ||    39
         Potion            |       |     2 |     1 |     2 |     4 |     2 |       ||    11
   Stab: Paralysed         |       |       |       |     1 |       |       |       ||     1
         Confused          |       |       |       |       |     1 |       |       ||     1
 Armour: Scale mail        |    58 |       |       |    94 |   385 |   468 |    18 ||  1023
         Chain mail        |    15 |    47 |    73 |   112 |       |       |       ||   247
  Dodge: Dodged            |    67 |    37 |    85 |   262 |   294 |   192 |     9 ||   946
         Repelled          |       |       |     3 |     5 |     7 |     1 |       ||    16
  Block: Buckler           |    26 |    14 |    32 |    32 |       |       |       ||   104
         Kite shield       |       |       |       |   180 |   445 |   343 |       ||   968
         Reflection        |       |       |       |       |    14 |   160 |       ||   174
         Tower shield      |       |       |       |       |       |   988 |    40 ||  1028

Table legend: (Time is in decaauts)
 A = Elapsed time spent in this place.
 B = Non-inter-level travel time spent in this place.
 C = Inter-level travel time spent in this place.
 D = Time resting spent in this place.
 E = Time spent auto-exploring this place.
 F = Levels seen in this place.
 G = Mean time per level.
                   A        B        C        D        E       F      G
               +--------+--------+--------+--------+--------+-----+--------+
         Total |  34199 |  33302 |    897 |   7383 |  18521 |  33 | 1036.3 |
       Dungeon |  15382 |  14808 |    574 |   1780 |  10202 |  15 | 1025.5 |
        Temple |    311 |    286 |     25 |    218 |     42 |   1 |  311.0 |
          Lair |   6209 |   6054 |    155 |   1171 |   3586 |   5 | 1241.8 |
         Swamp |    456 |    456 |      0 |    141 |    166 |   2 |  228.0 |
     Snake Pit |   4905 |   4807 |     98 |    494 |   2841 |   4 | 1226.2 |
  Orcish Mines |   4240 |   4195 |     45 |   2361 |    941 |   2 | 2120.0 |
       Ossuary |    209 |    209 |      0 |      0 |     94 |   1 |  209.0 |
        Bailey |    366 |    366 |      0 |    173 |    105 |   1 |  366.0 |
      Ice Cave |   1536 |   1536 |      0 |    910 |    325 |   1 | 1536.0 |
      Gauntlet |    582 |    582 |      0 |    135 |    218 |   1 |  582.0 |
               +--------+--------+--------+--------+--------+-----+--------+

Top non-repeatable levels by time:
    D:14: 2296 daAuts
   Orc:2: 2246 daAuts
   Orc:1: 1994 daAuts
  Lair:5: 1959 daAuts
 Snake:4: 1816 daAuts
   IceCv: 1536 daAuts
    D:15: 1469 daAuts
  Lair:2: 1396 daAuts
     D:9: 1286 daAuts
     D:3: 1230 daAuts
     D:5: 1172 daAuts
 Snake:1: 1084 daAuts
    D:11: 1061 daAuts
 Snake:2: 1026 daAuts
    D:10: 1022 daAuts
